 Dungeon Crawl Stone Soup version 0.30-a0-1075-gcd70e7a56d (webtiles) character file.

Game seed: 6041067057294053751

153 Newt the Shooter (level 5, -4/35 HPs)
             Began as a Kobold Hunter on Apr 14, 2023.
             Killed by nerve-wracking pain
             ... invoked by an orc priest
              (14 damage)
             ... on level 3 of the Dungeon.
             The game lasted 00:01:50 (2470 turns).

Newt the Shooter (Kobold Hunter)                    Turns: 2470, Time: 00:01:51

Health: -4/35      AC:  4    Str:  9    XL:     5   Next: 61%
Magic:  5/5        EV: 14    Int: 10    God:
Gold:   157        SH:  0    Dex: 20    Spells: 4/4 levels left

rFire   . . .      SeeInvis .    a - +0 shortbow
rCold   . . .      Faith    .    (shield currently unavailable)
rNeg    . . .      Spirit   .    c - +0 leather armour
rPois   .          Reflect  .    (no helmet)
rElec   .          Rampage  .    f - +0 cloak
rCorr   .                        (no gloves)
Will    .....                    (no boots)
Stlth   +++                      (no amulet)
HPRegen 0.25/turn                (no ring)
MPRegen 0.09/turn                (no ring)

@: no status effects
A: small, no large weapons, nightstalker 3
a: no special abilities


You were on level 3 of the Dungeon.
You visited 1 branch of the dungeon, and saw 3 of its levels.

You collected 157 gold pieces.

Inventory:

Hand Weapons
 a - a +0 shortbow (weapon)
Armour
 c - a +0 leather armour (worn)
 f - a +0 cloak (worn)
 i - a +0 robe of willpower
Wands
 m - a wand of light (12)
Scrolls
 b - a scroll of immolation
Potions
 d - a potion of heal wounds
 e - 2 potions of curing
 g - a potion of flight {unknown}
 h - a potion of cancellation {unknown}
 j - a potion of haste {unknown}
 k - a potion of magic {unknown}


   Skills:
 - Level 5.0 Fighting
 + Level 6.5 Ranged Weapons
 - Level 2.4 Dodging
 - Level 1.3 Stealth


You had 4 spell levels left.
You didn't know any spells.
Your spell library contained the following spells:

 Spells                   Type           Power      Damage    Failure   Level
 Apportation              Tloc           0%         N/A       47%         1
 Inner Flame              Hex/Fire       0%         N/A       85%         3
 Alistair's Intoxication  Tmut/Pois      0%         N/A       100%        5
 Yara's Violent Unravell  Hex/Tmut       0%         3d3       100%        5
 Enfeeble                 Hex            0%         N/A       100%        7


Dungeon Overview and Level Annotations

Branches:
Dungeon (3/15)

Altars:


Innate Abilities, Weirdness & Mutations

You are small and have problems with some larger weapons.
You are completely attuned to the shadows.


Message History

The orc priest is severely wounded.
The orc priest hits you but does no damage.
The orc priest begins to cast a cantrip, but forgets the words!
Unknown command.
You shoot an arrow. The arrow hits the orc priest.
You kill the orc priest!
Unknown command.
You shoot an arrow.
The arrow hits the orc priest but does no damage.
The orc priest is moderately wounded.
The orc priest hits you with a +0 flail!
* * * LOW HITPOINT WARNING * * *
Unknown command.
You shoot an arrow. The arrow hits the orc priest!
The orc priest is severely wounded.
The orc priest barely misses you.
The orc priest mumbles some strange prayers to Beogh against you.
You barely resist.
Unknown command.
You shoot an arrow.
The arrow hits the orc priest but does no damage.
The orc priest is severely wounded.
The orc priest hits you with a +0 flail.
* * * LOW HITPOINT WARNING * * *
Unknown command.
You shoot an arrow. The arrow barely misses the orc priest.
The orc priest closely misses you.
Unknown command.
Unknown command.
You shoot an arrow.
The arrow hits the orc priest but does no damage.
The orc priest is severely wounded.
The orc priest closely misses you.
Unknown command.
You shoot an arrow.
The arrow hits the orc priest but does no damage.
The orc priest is severely wounded.
The orc priest calls down the wrath of Beogh upon you.
Pain shoots through your body!
You die...

.. #.# ##)##
#####)..#
#..@o...### #+#
#.###...... #.# #
#.####. #.# #.#
#.###.#####
.###.####.##.......
..........#.....#.#
####.###..##....#.#
#.# #..........#
#.####.#####.###


You could see an orc priest (blind).

Vanquished Creatures
  An orc priest (D:3)
  Crazy Yiuf (D:2)
  Jessica (D:2)
  An adder (D:2)
  3 worms (D:2)
  A dart slug (D:2)
  3 orcs (D:3)
  2 ball pythons (D:2)
  4 endoplasms
  7 goblins
  3 hobgoblins (D:1)
  7 jackals (D:1)
  4 kobolds (D:1)
  A quokka (D:1)
  A bat (D:2)
  3 frilled lizards (D:1)
  3 rats
46 creatures vanquished.

Vanquished Creatures (others)
  A fungus (D:2)
1 creature vanquished.

Grand Total: 47 creatures vanquished

Notes
Turn   | Place    | Note
-------+----------+-------------------------------------------
     0 | D:1      | Newt the Kobold Hunter began the quest for the Orb.
     0 | D:1      | Reached XP level 1. HP: 12/12 MP: 1/1
   102 | D:1      | Reached XP level 2. HP: 10/18 MP: 2/2
   636 | D:1      | Reached XP level 3. HP: 23/23 MP: 3/3
   821 | D:1      | Found a faded altar of an unknown god.
  1288 | D:2      | Noticed Jessica
  1293 | D:2      | Killed Jessica
  1294 | D:2      | Reached XP level 4. HP: 16/30 MP: 4/4
  1511 | D:2      | Reached skill level 5 in Fighting
  2327 | D:2      | Found a runed translucent door.
  2330 | D:2      | Noticed Crazy Yiuf
  2333 | D:2      | Killed Crazy Yiuf
  2334 | D:2      | Reached skill level 6 in Ranged Weapons
  2334 | D:2      | Reached XP level 5. HP: 35/35 MP: 5/5
  2470 | D:3      | Killed from afar by an orc priest

Illustrated notes

Levels and vault maps discovered:
D:1:      dpeg_arrival_morbid_curiosity, layout_basic,
          shapermc_ecumenical_altar_mp_vishouse
D:2:      layout_loops_corners, minmay_misc_feat_cross, uniq_jessica,
          uniq_crazy_yiuf_cottage
D:3:      layout_loops_corners, mainiacjoe_overflow_catwalk, grunt_ministairs_1,
          chequers_jeans

Skill      XL: |  1  2  3  4 |
---------------+-------------+-----
Fighting       | 3 4 5 |  5.0
Ranged Weapons | 6 |  6.5
Dodging        | |  2.4
Stealth        | |  1.3

Action                     |  1- 3 |  4- 6 || total
---------------------------+-------+-------++-------
   Fire: Shortbow          |    97 |    51 ||   148
  Evoke: Wand              |       |     2 ||     2
    Use: Scroll            |     4 |     1 ||     5
 Armour: Leather armour    |    22 |     5 ||    27
  Dodge: Dodged            |    71 |    13 ||    84

Table legend: (Time is in decaauts)
 A = Elapsed time spent in this place.
 B = Non-inter-level travel time spent in this place.
 C = Inter-level travel time spent in this place.
 D = Time resting spent in this place.
 E = Time spent auto-exploring this place.
 F = Levels seen in this place.
 G = Mean time per level.
                   A        B        C        D        E       F      G
               +--------+--------+--------+--------+--------+-----+--------+
         Total |   2512 |   2438 |     74 |    321 |   1835 |   3 |  837.3 |
       Dungeon |   2512 |   2438 |     74 |    321 |   1835 |   3 |  837.3 |
               +--------+--------+--------+--------+--------+-----+--------+

Top non-repeatable levels by time:
     D:2: 1219 daAuts
     D:1: 1210 daAuts
     D:3: 82 daAuts
